Map: Kairos Junction LE

Players

Thetawaves

  • Race: Protoss Protoss
  • League: Master
  • Spawn Location: 11:00

ExCiTeR - Winner!

  • Race: Zerg Zerg
  • League: Master
  • Spawn Location: 5:00

VOD

https://www.twitch.tv/videos/394410619

Description

Time

  • Played on: March 11, 2019, 4:51 p.m.
  • Length: 3:54
Show
View Real Time Build Order
Export as new Build Order

Thetawaves Protoss 

Build Orders: 1 Gate Expand 

Get SALT Encoding   

  12  0:00  Probe  
  13  0:13  Probe  
  14  0:17  Pylon  
  14  0:25  Probe  
  15  0:35  Gateway  
  15  0:37  Probe  
  16  0:43  Assimilator  
  16  0:51  Probe  
  17  1:03  Probe  
  18  1:16  Probe  
  19  1:22  Cybernetics Core  
  19  1:30  Nexus  
  19  1:31  Probe  
  20  1:37  Pylon  
  20  1:43  Probe  
  20  1:45  Assimilator  
  21  1:53  Probe  
  21  1:58  Warp Gate  
  21  2:00  Stalker  
  21  2:01  Probe  
  25  2:09  Probe  
  26  2:17  Probe  
  27  2:25  Probe  
  28  2:31  Sentry  
  28  2:34  Probe  
  30  2:37  Probe  
  30  2:42  Probe  
  32  2:45  Probe  
  32  2:47  Gateway  
  32  2:49  Gateway  
  34  2:51  Probe  
  34  2:55  Probe  
  36  3:00  Robotics Facility  
  36  3:03  Probe  
  37  3:08  Probe  
  37  3:11  Probe  
  38  3:15  Pylon  
  38  3:19  Probe  
  39  3:20  Probe  
  41  3:29  Probe  
  41  3:30  Assimilator  
  41  3:32  Probe, Assimilator  
  41  3:33  Twilight Council  
  43  3:42  Probe  
Show
View Real Time Build Order
Export as new Build Order

ExCiTeR Zerg - Winner!

Build Orders: Pool First 

Get SALT Encoding   

  12  0:01  Drone  
  13  0:12  Overlord  
  13  0:17  Drone  
  14  0:31  Drone x2  
  16  0:43  Spawning Pool  
  16  0:45  Extractor  
  16  0:47  Drone  
  15  0:51  Drone  
  15  0:56  Drone  
  17  1:17  Hatchery  
  16  1:21  Drone  
  16  1:24  Drone  
  18  1:28  Drone  
  19  1:36  Extractor  
  19  1:39  Zergling x2  
  19  1:47  Lair  
  19  1:51  Drone  
  20  2:00  Zergling x2  
  21  2:12  Zergling x2  
  21  2:14  Metabolic Boost  
  22  2:21  Overlord  
  22  2:29  Queen  
  22  2:33  Zergling x4  
  26  2:46  Nydus Network  
  26  2:50  Zergling x2  
  26  2:59  Zergling x6  
  29  3:10  Zergling x2  
  29  3:11  Zergling x2  
  31  3:13  Overlord  
  31  3:19  Zergling x2  
  32  3:22  Nydus Canal  
  32  3:25  Zergling x2  
  33  3:31  Zergling x2  
  34  3:36  Nydus Canal  
Tags
 
Add a new tag
Caveats
  • Supply blocks, unpowered buildings, or Contaminate may cause inaccurate times.
  • Supply counts are checked every 10 seconds.